 Dungeon Crawl Stone Soup version 0.25-a0-681-gdf4e720 (webtiles) character file.

Game seed: 11310302031227540645, levelgen mode: deterministic

263 Faels the Cutter (level 6, -15/38 HPs)
             Began as a Kobold Assassin on Mar 29, 2020.
             Was an Initiate of Okawaru.
             Demolished by an ogre
             ... wielding a +0 giant club
              (24 damage)
             ... on level 4 of the Dungeon.
             The game lasted 00:10:14 (4038 turns).

Faels the Cutter (Kobold Assassin)                  Turns: 4038, Time: 00:10:15

Health: -15/38     AC:  6    Str:  9    XL:     6   Next: 42%
Magic:  6/6        EV: 14    Int: 13    God:    Okawaru [......]
Gold:   105        SH:  5    Dex: 17    Spells: 5/5 levels left

rFire    . . .     SeeInvis .   a - +2 dagger
rCold    . . .     Gourm    .   (shield restricted)
rNeg     . . .     Faith    .   o - +0 leather armour
rPois    +         Spirit   .   D - +0 helmet (curse)
rElec    .         Reflect  +   c - +0 cloak
rCorr    .         Harm     .   z - +0 pair of gloves
MR       .....                  (no boots)
Stlth    ++++......             b - +5 amulet of reflection
HPRegen  0.12/turn              r - ring of stealth
MPRegen  0.10/turn              v - ring of poison resistance

@: no status effects
A: small, carnivore
a: Renounce Religion


You were on level 4 of the Dungeon.
You worshipped Okawaru.
Okawaru was noncommittal.
You were completely stuffed.

You visited 2 branches of the dungeon, and saw 7 of its levels.

You collected 105 gold pieces.

Inventory:

Hand Weapons
 a - a +2 dagger (weapon)
 g - a +0 hand axe of draining
 s - a +0 vorpal hand axe
Missiles
 d - 63 poisoned darts (quivered)
 e - 2 curare-tipped darts
Armour
 c - a +0 cloak (worn)
 o - a +0 leather armour (worn)
 t - a +0 pair of boots
 z - a +0 pair of gloves (worn)
 C - a +0 ring mail
 D - a cursed +0 helmet (worn)
Jewellery
 b - a +5 amulet of reflection (around neck)
 j - an uncursed ring of protection from fire
 q - a +3 ring of protection
 r - a ring of stealth (left hand)
 v - a ring of poison resistance (right hand)
Scrolls
 n - a scroll of teleportation
 y - 2 scrolls of enchant armour
 A - a scroll of vulnerability {unknown}
 B - a scroll of blinking
Potions
 h - a potion of ambrosia {unknown}
 i - a potion of degeneration {unknown}
 k - a potion of stabbing {unknown}
 l - 2 potions of curing
 m - 3 potions of heal wounds {unknown}
 p - a potion of brilliance {unknown}
 u - a potion of mutation {unknown}
 w - 2 potions of berserk rage
Comestibles
 f - 7 rations


   Skills:
 + Level 4.0 Fighting
 * Level 6.4 Short Blades
 + Level 2.8 Throwing
 + Level 2.3 Dodging
 - Level 5.3 Stealth


You had 5 spell levels left.
You didn't know any spells.
Your spell library was empty.

Dungeon Overview and Level Annotations

Branches:
Dungeon (6/15)             Temple (1/1) D:6

Altars:
Ashenzari
Cheibriados
Dithmenos
Elyvilon
Gozag
Kikubaaqudgha
Okawaru
Qazlal
Trog
Uskayaw
Vehumet
Wu Jian
Yredelemnul
Zin
The Shining One


Innate Abilities, Weirdness & Mutations

You are small and have problems with some larger weapons.
You are carnivorous and can eat meat at any time.


Message History

You closely miss the ogre.
The ogre is heavily wounded.
The ogre closely misses you.
A river rat comes into view.
You hit the ogre.
The ogre is severely wounded.
You barely miss the ogre.
The ogre is severely wounded.
The ogre hits you with a +0 giant club!!
Ouch! That really hurt!
* * * LOW HITPOINT WARNING * * *
You hit the ogre but do no damage.
The ogre is severely wounded.
The adder bites you.
* * * LOW HITPOINT WARNING * * *
The adder closely misses you.
You feel better.
The ogre hits you with a +0 giant club!!
Ouch! That really hurt!
You die...

.. . .. .. .. ...
#. .... #. #
.....#. ...
#......#####...##
#.@S>((r....
#......O...?....
##.##...........
# #######...##
..... ..## .# .#


You could see an ogre, an adder and a river rat.

Vanquished Creatures
  A scorpion (D:6)
  A centaur zombie (D:6)
  A jelly (D:3)
  A worker ant (D:6)
  2 hound skeletons (D:6)
  3 adders
  An ooze (D:1)
  4 worms
  4 leopard geckos
  5 orcs
  2 bats (D:1)
  6 giant cockroaches
  5 goblins
  4 hobgoblins
  4 kobolds
  2 ball pythons
  7 frilled lizards
  A leopard gecko skeleton (D:6)
  7 rats
61 creatures vanquished.

Notes
Turn   | Place    | Note
-------+----------+-------------------------------------------
     0 | D:1      | Faels the Kobold Assassin began the quest for the Orb.
     0 | D:1      | Reached XP level 1. HP: 12/12 MP: 1/1
    26 | D:1      | Reached skill level 3 in Short Blades
    41 | D:1      | Reached XP level 2. HP: 17/18 MP: 2/2
   281 | D:1      | Reached XP level 3. HP: 22/22 MP: 3/3
   475 | D:1      | Reached skill level 4 in Short Blades
  1865 | D:2      | Reached XP level 4. HP: 27/28 MP: 4/4
  2361 | D:3      | Reached skill level 5 in Short Blades
  2648 | D:3      | Reached XP level 5. HP: 32/32 MP: 5/5
  2775 | D:3      | Found an ancient bone altar of Kikubaaqudgha,
  3338 | D:3      | You fall into a shaft and drop 3 floors!
  3375 | D:6      | Found a staircase to the Ecumenical Temple,
  3391 | Temple   | Entered the Ecumenical Temple
  3420 | Temple   | Became a worshipper of Warmaster Okawaru
  3613 | D:6      | Reached skill level 6 in Short Blades
  3613 | D:6      | Reached XP level 6. HP: 31/38 MP: 6/6
  3765 | D:5      | Entered Level 5 of the Dungeon
  3814 | D:5      | Noticed an ice beast
  3842 | D:5      | Found a basalt altar of Yredelemnul,
  4021 | D:4      | Noticed an ogre
  4038 | D:4      | Demolished by an ogre

Levels and vault maps discovered:
D:1:      scummos_arrival_star, layout_rooms
D:2:      layout_basic
D:3:      layout_loops_ring, lemuel_coloured_pillars_altar,
          chequers_ecumenical_altar_grove
D:4:      layout_loops_cross, lightli_sewer_entry_pipes, first_ration,
          uniq_eustachio
D:5:      lemuel_ratsnest, layout_loops_ring, nicolae_overflow_crystal_walls,
          fedhas_altar_2, lemuel_doored_altar, basic_altar, uniq_edmund,
          uniq_crazy_yiuf_cottage, uniq_menkaure
D:6:      layout_rooms, kennysheep_mini_moat, nemelex_xobeh_ov_fountains_minmay,
          minmay_temple_entry_trees
Temple:   cyrus_circular_temple

Skill      XL: |  1  2  3  4  5  6 |
---------------+-------------------+-----
Short Blades   | 3 4 5 6 |  6.4
Fighting       | 3 4 |  4.0
Dodging        | 2 |  2.3
Throwing       | |  2.8
Stealth        | |  5.3

Action                   |  1- 3 |  4- 6 || total
-------------------------+-------+-------++-------
Melee: Dagger            |   147 |   123 ||   270
Throw: Dart              |     5 |    26 ||    31
  Use: Scroll            |     4 |     9 ||    13
       Potion            |       |     2 ||     2
 Stab: Sleeping          |     2 |     6 ||     8
       Distracted        |       |     1 ||     1
  Eat: Chunk             |    11 |     7 ||    18
Armor: Robe              |    12 |       ||    12
       Leather armour    |    12 |    15 ||    27
       Ring mail         |       |     3 ||     3
Dodge: Dodged            |    71 |    71 ||   142
Block: Other             |       |     7 ||     7

Table legend:
 A = Non-vault XP
 B = Vault XP
 C = Vault XP percentage of total XP
 D = Non-vault monster count
 E = Vault monster count
 F = Vault count percentage of total count
                 A         B        C        D         E       F
            +---------+---------+-------+---------+---------+-------
      Total |     376 |       0 |   0.0 |      61 |       0 |   0.0
            +---------+---------+-------+---------+---------+-------
        D:1 |      35 |       0 |   0.0 |      22 |       0 |   0.0
        D:2 |      47 |       0 |   0.0 |      13 |       0 |   0.0
        D:3 |      89 |       0 |   0.0 |      14 |       0 |   0.0
        D:4 |       5 |       0 |   0.0 |       1 |       0 |   0.0
        D:5 |       3 |       0 |   0.0 |       1 |       0 |   0.0
        D:6 |     197 |       0 |   0.0 |      10 |       0 |   0.0
            +---------+---------+-------+---------+---------+-------
